 Dungeon Crawl Stone Soup version 0.28.0-43-g3370ac3207 (webtiles) character file.

Game seed: 16727876321387086434

25 sizableburger the Skirmisher (level 2, 0/24 HPs)
             Began as a Mummy Abyssal Knight on Mar 11, 2022.
             Was a Follower of Lugonu.
             Constricted to death by a ball python (1 damage)
             ... on level 2 of the Dungeon.
             The game lasted 00:01:21 (1203 turns).

sizableburger the Skirmisher (Mummy Abyssal Knight) Turns: 1203, Time: 00:01:22

Health: 0/24       AC:  3    Str: 16    XL:     2   Next: 86%
Magic:  3/3        EV:  8    Int:  9    God:    Lugonu [*.....]
Gold:   66         SH:  0    Dex: 12    Spells: 1/1 levels left

rFire   x . .      SeeInvis .   a - +1 spear
rCold   + . .      Faith    .   (no shield)
rNeg    + + +      Spirit   .   b - +0 leather armour
rPois   ∞          Reflect  .   (no helmet)
rElec   .          Harm     .   (no cloak)
rCorr   .          Rampage  .   (no gloves)
Will    .....                   (no boots)
Stlth   +.........              (no amulet)
HPRegen 0.08/turn               (no ring)
MPRegen 0.08/turn               (no ring)

@: constricted
A: cold resistance 1, negative energy resistance 3, torment resistance 2, heat
vulnerability 1, no potions
a: Renounce Religion, Depart the Abyss


You were on level 2 of the Dungeon.
You worshipped Lugonu.
Lugonu was aware of your devotion.
You visited 1 branch of the dungeon, and saw 2 of its levels.
You visited the Abyss 1 time.

You collected 66 gold pieces.

Inventory:

Hand Weapons
 a - a +1 spear (weapon)
Armour
 b - a +0 leather armour (worn)
Scrolls
 c - a scroll of identify {unknown}


   Skills:
 - Level 3.0 Fighting
 + Level 2.8 Polearms
 - Level 1.5 Armour
 - Level 0.7 Dodging
 - Level 1.5 Invocations


You had one spell level left.
You didn't know any spells.
Your spell library contained the following spells:

 Spells                   Type           Power      Damage    Failure   Level
 Foxfire                  Conj/Fire      0%         2x1d4     45%         1
 Conjure Flame            Conj/Fire      0%         6-21      83%         3
 Inner Flame              Hex/Fire       0%         N/A       83%         3
 Flame Wave               Conj/Fire      0%         2d4       99%         4


Dungeon Overview and Level Annotations

Branches:
Dungeon (2/15)

Altars:


Innate Abilities, Weirdness & Mutations

You are immune to poison.
Your flesh is cold resistant. (rC+)
You are immune to negative energy. (rN+++)
You are immune to unholy pain and torment.
You are vulnerable to heat. (rF-)
You do not drink.


Message History

You barely miss the goblin. The goblin barely misses you.
You hit the goblin.
The goblin is heavily wounded.
The goblin hits you with a +0 club.
You hit the goblin.
You kill the goblin!
Lugonu accepts your kill. The adder barely misses you.
You hit the adder.
The adder is moderately wounded.
The ball python bites you. The ball python barely misses you.
The adder bites you.
You miss the adder.
The adder is moderately wounded.
The ball python bites you but does no damage.
The ball python grabs you. The ball python constricts you. The adder bites you.
The ball python closely misses you. The ball python constricts you.
You are too injured to fight recklessly!
You are too injured to fight recklessly!
You are too injured to fight recklessly!
You are too injured to fight recklessly!
You are too injured to fight recklessly!
Unknown command.
You barely miss the adder.
The adder is moderately wounded.
The adder bites you but does no damage. The ball python closely misses you.
The ball python constricts you.
Unknown command.
You hit the adder.
The adder is heavily wounded.
The adder bites you. The ball python bites you.
* * * LOW HITPOINT WARNING * * *
The ball python constricts you. The adder bites you.
* * * LOW HITPOINT WARNING * * *
Unknown command.
The ball python's grasp on you weakens, but your attempt to escape fails.
The ball python bites you.
* * * LOW HITPOINT WARNING * * *
The ball python constricts you.
You die...

....................<..
..................)..#.
....#..................
... #.....##..#........
.. #.....##..#........
. #....###..#...#....
.....####...........
.......S...#........
......S@...........
...........†.......
.#............#....
#............#.#..
#......##..### #..
#####........
..####..... .. +.....


You could see an adder and a ball python.

Vanquished Creatures
  5 bats (D:1)
  2 endoplasms (D:1)
  2 giant cockroaches
  4 goblins
  2 hobgoblins (D:1)
  A quokka (D:2)
  2 ball pythons (D:1)
  A frilled lizard (D:2)
  A kobold (D:1)
  A rat (D:2)
21 creatures vanquished.

Vanquished Creatures (others)
  2 demonic plants (D:1)
  2 withered plants (D:1)
4 creatures vanquished.

Grand Total: 25 creatures vanquished

Notes
Turn   | Place    | Note
-------+----------+-------------------------------------------
     0 | Abyss:1  | sizableburger the Mummy Abyssal Knight began the quest for
                  | the Orb.
     0 | Abyss:1  | Reached XP level 1. HP: 18/18 MP: 2/2
    52 | Abyss:1  | Found an opulent altar of Gozag.
   109 | Abyss:1  | Noticed a smoke demon
   129 | Abyss:1  | Noticed a large abomination
   133 | Abyss:1  | Noticed a chaos spawn
   143 | Abyss:1  | Noticed a hell hog
   145 | D:1      | Escaped the Abyss
   296 | D:1      | Reached * piety under Lugonu
   350 | D:1      | Found a faded altar of an unknown god.
   372 | D:1      | Reached XP level 2. HP: 21/24 MP: 3/3
  1203 | D:2      | HP: 1/24 [ball python (1)]
  1203 | D:2      | Constricted to death by a ball python

Illustrated notes

Levels and vault maps discovered:
D:1:      minmay_arrival_four_loops, layout_basic, shapermc_ecumenical_altar_gd,
          minmay_misc_feat_tower, hangedman_feature_mirror
D:2:      layout_basic, grunt_ministairs_10

Skill      XL: |  1 |
---------------+----+-----
Polearms       | 2 |  2.8
Fighting       | |  3.0
Armour         | |  1.5
Dodging        | |  0.7
Invocations    | |  1.5

Action                   || total
-------------------------++-------
Melee: Spear             ||    83
Invok: Depart the Abyss  ||     1
 Stab: Sleeping          ||     2
Armor: Leather armour    ||    22
Dodge: Dodged            ||    32
